 Dungeon Crawl Stone Soup version 0.19.4 (webtiles) character file.

381 Jerry the Cudgeler (level 6, -3/100 HPs)
             Began as an Ogre Fighter on Jan 30, 2017.
             Slain by an elf zombie (5 damage)
             ... in an ossuary.
             The game lasted 00:09:15 (2928 turns).

Jerry the Cudgeler (Ogre Fighter)                   Turns: 2928, Time: 00:09:16

Health: -3/100     AC:  3    Str: 27    XL:     6   Next: 75%
Magic:  6/6        EV:  9    Int: 12    God:
Gold:   133        SH:  9    Dex: 11    Spells: 0 memorised, 5 levels left

rFire  . . .     SeeInvis .     a - +0 flail
rCold  . . .     Gourm    .     b - +0 robe
rNeg   . . .     Faith    .     c - +0 shield
rPois  .         Spirit   .     (helmet restricted)
rElec  .         Reflect  .     (no cloak)
rCorr  .         Harm     .     (gloves unavailable)
MR     .....                    (boots unavailable)
Stlth  ..........               (no amulet)
                                t - ring of stealth
                                s - ring of flight

@: brilliant, berserking, very quick
A: unfitting armour, tough skin 1
a: Evoke Flight


You were in an ossuary.
You were hungry.

You visited 1 branch of the dungeon, and saw 5 of its levels.
You also visited: Ossuary.

You collected 133 gold pieces.

Inventory:

Hand Weapons
 a - a +0 flail (weapon)
Armour
 b - a +0 robe (worn)
 c - a +0 shield (worn)
Jewellery
 s - a ring of flight (left hand)
 t - a ring of stealth (right hand)
Scrolls
 e - 2 scrolls of identify
 j - a scroll of remove curse
 m - a scroll of random uselessness {unknown}
 n - a scroll of fog {unknown}
 o - a scroll of enchant weapon {unknown}
 q - a scroll of amnesia {unknown}
Potions
 l - a potion of brilliance
Books
 u - a book of Debilitation

   Spells                             Type                      Level
   a - Corona                         Hexes                        1
   b - Slow                           Hexes                        2
   c - Gell's Gravitas                Hexes/Translocation          3
   d - Inner Flame                    Hexes/Fire                   3
   e - Cause Fear                     Hexes                        4
   f - Leda's Liquefaction            Hexes/Earth                  4
Comestibles
 f - 5 bread rations
 h - 6 meat rations
 i - a royal jelly
 k - 4 beef jerkies


   Skills:
 + Level 5.8 Fighting
 * Level 6.1 Maces & Flails
 + Level 3.8 Dodging
 + Level 3.6 Shields


You had 5 spell levels left.
You didn't know any spells.

Dungeon Overview and Level Annotations

Branches:
Dungeon (5/15)
 Temple: D:4-7

Altars:
Qazlal


Innate Abilities, Weirdness & Mutations

You are too large for most types of armour.
You have tough skin. (AC +1)


Message History

The hobgoblin zombie hits you.
* * * LOW HITPOINT WARNING * * *
The elf zombie hits you.
* * * LOW HITPOINT WARNING * * *
You hit the jackal zombie.
The jackal zombie is heavily damaged.
The jackal zombie bites you but does no damage.
The big kobold zombie barely misses you.
You closely miss the jackal zombie.
The jackal zombie is heavily damaged.
You block the elf zombie's attack. The hobgoblin zombie hits you.
* * * LOW HITPOINT WARNING * * *
You block the jackal zombie's attack. The orc zombie hits you.
* * * LOW HITPOINT WARNING * * *
You sock the jackal zombie!
You destroy the jackal zombie!
The big kobold zombie hits you.
* * * LOW HITPOINT WARNING * * *
The hobgoblin zombie barely misses you. The elf zombie hits you.
You die...

.................
................. ..
...............# ...
...............##...
....................
...................#
.......∩....Z.....#
.......∩....ZZ....#
...........Z@.....#
...........Z.......#
..Z.................
....................
...............##...
...............# ..
................ .
............


You could see a rat zombie, a hobgoblin zombie, a big kobold zombie, an orc
zombie and an elf zombie.

Vanquished Creatures
  Menkaure (D:5)
  A howler monkey (D:4)
  2 crimson imps (D:5)
  A hound (D:3)
  An orc priest (D:5)
  A worker ant (D:4)
  An adder (D:3)
  An adder zombie (Ossuary)
  A dart slug (D:1)
  A leopard gecko (D:5)
  4 orcs
  3 ball pythons
  5 bats
  2 giant cockroaches
  6 goblins
  2 hobgoblins (D:3)
  8 jackals
  A kobold (D:2)
  A quokka (D:3)
  3 frilled lizards
  A hobgoblin zombie (Ossuary)
  3 jackal zombies (Ossuary)
  A leopard gecko zombie (D:5)
  10 rats
  A rat zombie (Ossuary)
62 creatures vanquished.

Notes
Turn   | Place    | Note
-------+----------+-------------------------------------------
     0 | D:1      | Jerry the Ogre Fighter began the quest for the Orb.
     0 | D:1      | Reached XP level 1. HP: 24/24 MP: 1/1
   190 | D:1      | Reached skill level 3 in Maces & Flails
   252 | D:1      | Reached XP level 2. HP: 26/32 MP: 2/2
   928 | D:2      | Reached XP level 3. HP: 38/40 MP: 3/3
  1800 | D:3      | Found a stormy altar of Qazlal.
  1889 | D:3      | Reached skill level 4 in Maces & Flails
  1889 | D:3      | Reached XP level 4. HP: 8/49 MP: 4/4
  2196 | D:4      | Reached skill level 5 in Fighting
  2428 | D:4      | Reached XP level 5. HP: 57/57 MP: 5/5
  2431 | D:4      | Noticed a phantom
  2434 | D:5      | Entered Level 5 of the Dungeon
  2532 | D:5      | Noticed a hand axe
  2533 | D:5      | Noticed a hand axe
  2544 | D:5      | Reached skill level 5 in Maces & Flails
  2643 | D:5      | Reached XP level 6. HP: 39/66 MP: 6/6
  2748 | D:5      | Noticed Menkaure
  2760 | D:5      | Killed Menkaure
  2760 | D:5      | Reached skill level 6 in Maces & Flails
  2892 | D:5      | Found a sand-covered staircase.
  2899 | Ossuary  | Entered an ossuary
  2927 | Ossuary  | HP: 4/100 [orc zombie (3)]
  2928 | Ossuary  | Slain by an elf zombie

Skill      XL: |  1  2  3  4  5  6 |
---------------+-------------------+-----
Maces & Flails | 3 4 5 6 |  6.1
Dodging        | 3 |  3.8
Shields        | 3 |  3.6
Fighting       | 5 |  5.8

Action                   |  1- 3 |  4- 6 || total
-------------------------+-------+-------++-------
Melee: Flail             |   114 |   100 ||   214
  Use: Scroll            |       |     3 ||     3
       Potion            |       |     4 ||     4
 Stab: Sleeping          |       |     1 ||     1
  Eat: Chunk             |     3 |     3 ||     6
Armor: Robe              |    39 |    46 ||    85
Dodge: Dodged            |    45 |    62 ||   107
Block: Shield            |    46 |    66 ||   112
